AoeStats
← Ssnow

Arena

510660634Analyzed
3v3 RM · 2d ago on Oct 2, 2026· 40m 51s· 6 players
Game mode
Random Map
Map size
Normal (6 player)
Population
200
Speed
Normal
Resources
Standard
Victory
Conquest
Starting age
Dark Age
Ending age
Imperial Age
RankedLock teamsTeams togetherTeam positionsShared explorationLock speedFull tech treeHidden civsTurbo modeCheats
Victory
Defeat
🇲🇽 Varangians · Mexico
986
+12
🇲🇽 Britons · Mexico
938
+13
🇲🇽 Franks · Mexico
851
+16
🇵🇪 Spanish · Peru
915
-15
🇨🇱 Byzantines · Chile
890
-14
🇲🇽 Mongols · Mexico
837
-12
Hindues
10:22 Feudal Age
16:29 Castle Age
15:33 Gold Mining
15:32 Double-Bit Axe
18:30 Horse Collar
27:34 Imperial Age
25:52 Heavy Plow
26:09 Bow Saw
29:25 Chemistry
28:23 Pikeman
29:57 Halberdier
33:27 Cavalier
37:38 Paladin
40:44 Capped Ram
CarpinChurro
6:41 Loom
6:51 Loom
12:03 Feudal Age
14:48 Double-Bit Axe
14:44 Horse Collar
18:49 Castle Age
16:56 Scale Mail Armor
17:01 Scale Barding Armor
17:06 Forging
18:55 Wheelbarrow
19:11 Forging
19:05 Man-at-Arms
21:54 Light Cavalry
23:59 Long Swordsman
26:02 Chain Barding Armor
MedicenKarly
0:46 Loom
11:03 Feudal Age
12:23 Wheelbarrow
11:36 Double-Bit Axe
11:35 Horse Collar
16:34 Gold Mining
21:25 Padded Archer Armor
21:15 Fletching
Ssnow
1:03 Loom
3:07 Loom
11:34 Feudal Age
12:22 Double-Bit Axe
15:23 Castle Age
14:07 Horse Collar
18:41 Bow Saw
18:48 Scale Barding Armor
19:29 Town Watch
21:46 Bloodlines
22:14 Heavy Plow
23:03 Husbandry
24:54 Wheelbarrow
27:01 Hand Cart
27:07 Town Patrol
32:26 Imperial Age
31:39 Scale Mail Armor
31:54 Forging
33:10 Chain Barding Armor
32:37 Cavalier
33:31 Gold Mining
35:28 Crop Rotation
36:53 Two-Man Saw
36:04 Vendel Legacy
37:09 Conscription
37:33 Iron Casting
37:33 Plate Barding Armor
Catsby
9:57 Feudal Age
10:55 Double-Bit Axe
12:54 Loom
13:15 Gold Mining
16:50 Castle Age
15:03 Horse Collar
16:55 Fletching
17:06 Padded Archer Armor
17:03 Crossbowman
19:34 Bow Saw
20:03 Bodkin Arrow
23:18 Ballistics
26:31 Gold Shaft Mining
26:07 Heavy Plow
26:27 Leather Archer Armor
28:06 Wheelbarrow
28:18 Town Watch
29:24 Hand Cart
29:14 Town Patrol
34:04 Imperial Age
32:19 Stone Mining
34:12 Treadmill Crane
34:31 Arbalester
35:14 Bracer
35:44 Ring Archer Armor
36:38 Two-Man Saw
36:43 Chemistry
38:25 Conscription
38:26 Yeomen
41:21 Warwolf
41:31 Siege Engineers
DedoDoblado11
13:44 Feudal Age
14:32 Double-Bit Axe
14:49 Stone Mining
17:15 Castle Age
15:47 Loom
16:34 Gold Mining
17:08 Forging
18:50 Bow Saw
21:24 Iron Casting
25:47 Scale Barding Armor
26:30 Husbandry
32:00 Imperial Age
30:07 Fletching
34:27 Chemistry
37:13 Cavalier
Connection lost

Rejoining the realm…

Still unreachable

The connection could not be restored.

Session expired

The server has moved on; the page needs a fresh start.